 Dungeon Crawl Stone Soup version 0.23.2 (webtiles) character file.

Game seed: 12609232833600229865

93 Llamajah the Ducker (level 4, 0/34 HPs)
             Began as a Demonspawn Gladiator on June 12, 2019.
             Succumbed to an adder's poison
             ... on level 2 of the Dungeon.
             The game lasted 00:02:49 (1277 turns).

Llamajah the Ducker (Demonspawn Gladiator)          Turns: 1277, Time: 00:02:49

Health: 0/34       AC:  5    Str: 14    XL:     4   Next: 37%
Magic:  1/4        EV: 13    Int: 10    God:
Gold:   95         SH:  0    Dex: 15    Spells: 3/3 levels left

rFire    . . .     SeeInvis .   a - +0 long sword
rCold    . . .     Gourm    .   (no shield)
rNeg     . . .     Faith    .   b - +0 leather armour
rPois    .         Spirit   +   c - +0 helmet
rElec    .         Reflect  .   o - +0 cloak
rCorr    .         Harm     .   (no gloves)
MR       .....                  (no boots)
Stlth    +++.......             (no amulet)
HPRegen  0.11/turn              q - ring of stealth
MPRegen  0.09/turn              (no ring)

@: lethally poisoned (0 -> -4)
A: talons 1, nightstalker 1, magic shield
a: no special abilities


You were on level 2 of the Dungeon.
You were not hungry.

You visited 1 branch of the dungeon, and saw 2 of its levels.

You collected 95 gold pieces.

Inventory:

Hand Weapons
 a - a +0 long sword (weapon)
Missiles
 d - 3 throwing nets (quivered)
Armour
 b - a +0 leather armour (worn)
 c - a +0 helmet (worn)
 o - a +0 cloak (worn)
Jewellery
 q - a ring of stealth (left hand)
Scrolls
 h - a scroll of enchant weapon {unknown}
 i - 2 scrolls of blinking {unknown}
 m - a scroll of amnesia {unknown}
 n - a scroll of identify {unknown}
 p - a scroll of teleportation {unknown}
Potions
 e - a potion of lignification {unknown}
 j - 2 potions of invisibility {unknown}
 k - a potion of agility {unknown}
 l - a potion of curing {unknown}
Comestibles
 f - 3 rations
 g - 2 chunks of flesh


   Skills:
 + Level 2.3 Fighting
 + Level 3.0 Long Blades
 + Level 2.2 Throwing
 * Level 1.8 Armour
 * Level 3.3 Dodging
 + Level 0.6 Stealth


You had 3 spell levels left.
You didn't know any spells.
Your spell library was empty.

Dungeon Overview and Level Annotations

Branches:
Dungeon (2/15)

Altars:


Innate Abilities, Weirdness & Mutations

You have sharp toenails.
You are slightly more attuned to the shadows.
When hurt, damage is shared between your health and your magic reserves.


Message History

The bat closely misses you.
You riposte.
You miss the bat. You claw the bat.
The bat is moderately wounded.
The bat hits you but does no damage. The bat misses you.
The adder bites you but does no damage. The bat hits you but does no damage.
The bat closely misses you.
Some of the chunks of flesh in your inventory have rotted away.
The bat closely misses you. The bat hits you but does no damage.
The bat hits you but does no damage. The adder bites you.
* * * LOW HITPOINT WARNING * * *
The bat barely misses you.
You riposte.
You hit the bat.
You kill the bat!
The adder bites you but does no damage. The adder closely misses you.
The adder bites you.
* * * LOW HITPOINT WARNING * * *
You are lethally poisoned!
The adder poisons you!
* * * LOW HITPOINT WARNING * * *
You feel sick.
You die...

#######################
#>.....................
#.....@.Sg..g.....†....
#.....#################
##....# #....# #....#
#....# #....### #####
#.<..+.# ######...#
#..†.#)#


You could see 2 gnolls and an adder.

Vanquished Creatures
  A hound (D:2)
  2 adders (D:2)
  A dart slug (D:1)
  2 leopard geckos
  6 bats
  5 goblins (D:1)
  4 hobgoblins (D:1)
  6 jackals (D:1)
  2 kobolds
  A ball python (D:1)
  2 frilled lizards (D:1)
  8 rats
40 creatures vanquished.

Notes
Turn   | Place    | Note
-------+----------+-------------------------------------------
     0 | D:1      | Llamajah the Demonspawn Gladiator began the quest for the
                  | Orb.
     0 | D:1      | Reached XP level 1. HP: 16/16 MP: 1/1
    41 | D:1      | Gained mutation: You have sharp toenails. [demonic
                  | ancestry]
    41 | D:1      | Reached XP level 2. HP: 11/22 MP: 2/2
   121 | D:1      | Reached skill level 1 in Armour
   316 | D:1      | Gained mutation: You are slightly more attuned to the
                  | shadows. [demonic ancestry]
   316 | D:1      | Reached XP level 3. HP: 19/27 MP: 3/3
   839 | D:2      | Gained mutation: When hurt, damage is shared between your
                  | health and your magic reserves. [demonic ancestry]
   839 | D:2      | Reached XP level 4. HP: 13/34 MP: 4/4
  1275 | D:2      | HP: 1/34 [poisoned by an adder]
  1277 | D:2      | Succumbed to an adder's poison

Skill      XL: |  1  2  3 |
---------------+----------+-----
Armour         | 1 |  1.8
Dodging        | 3 |  3.3
Throwing       | 2 |  2.2
Long Blades    | 3 |  3.0
Fighting       | |  2.3
Stealth        | |  0.6

Action                   |  1- 3 |  4- 6 || total
-------------------------+-------+-------++-------
Melee: Long sword        |    64 |    19 ||    83
       Kick              |    11 |     8 ||    19
 Stab: Sleeping          |     3 |     3 ||     6
  Eat: Chunk             |       |     1 ||     1
Armor: Leather armour    |    29 |    15 ||    44
Dodge: Dodged            |    64 |    37 ||   101
       Rpst.: Long sword |    20 |    12 ||    32
